Unix NetHack Version 5.0.0-0 post-release - last build May 22 2026 02:22:16 (99d1c3b6dc4b13757aaa5824b55bdea4e1e63757,branch:main).

Game began 2026-05-22 05:12:18, ended 2026-05-22 06:09:33.

ArrBianca, chaotic female elven Priestess

                                                     ----------
                                                     |........|    -------
                                                     +........|  #s@.....|
                                                     |.$......|  # |.....|
                                                     |......?..### |.....|
                                                     ----------    |...>.|
                                                                   --.----
                                                                     #
                                                                     #
                                                                     #
                                                                     #
                                                                     ##
                                                                      ###
                                                                    ----|-
                                                                    |....|
                                                                    |....|
                                                                    |....|
                                                                    ------

ArrBianca the Adept          St:12 Dx:15 Co:15 In:11 Wi:16 Ch:9  Chaotic
Dlvl:9  $:67 HP:0(58) Pw:31(117) AC:10 Xp:7 T:4630 

Latest messages:
 The gnome mummy hits!
 You see here a leprechaun corpse.
 You are bare handed.
 Where do you want to travel to?
 (For instructions type a '?')
 Calling upon Loki, you chant an arcane formula.
 The gnome mummy turns to flee.
 You can move again.
 The gnome mummy hits!
 Are you waiting to get hit?  Use 'm' prefix to force a no-op (to rest).
 You hit the gnome mummy.
 You climb up the stairs.
 You find a hidden door.
 The door opens.
 $ - 67 gold pieces.
 You hear the footsteps of a guard on patrol.
 You find a hidden door.
 This door is locked.
 This door is locked.
 This door is locked.
 This door is locked.
 In what direction? h
 As you kick the door, it crashes open!
 You miss the giant spider.
 The giant spider bites!
 You hit the giant spider.
 The giant spider bites!
 The giant spider bites!
 You hit the giant spider.
 The giant spider bites!
 The giant spider bites!
 You hit the giant spider.
 The giant spider bites!
 You hit the giant spider.
 The giant spider bites!
 You hit the giant spider.
 The giant spider bites!
 You hit the giant spider.
 The giant spider bites!
 You miss the giant spider.
 The giant spider bites!
 You hit the giant spider.
 The giant spider bites!
 The yellow light flows under the door.
 The giant spider bites!
 The giant spider bites!
 The giant spider spins a web.
 The giant spider bites!
 You die...
 Do you want your possessions identified? [ynq] (y) q

Inventory:
 Coins    ('$')
  $ - 67 gold pieces
 Weapons  (')')
  g - a +0 arrow
  F - 8 +0 darts (at the ready)
 Armor    ('[')
  G - a +0 pair of iron shoes
  c - a blessed greased +2 silver dragon scale mail
 Comestibles  ('%')
  f - a sprig of wolfsbane
 Scrolls  ('?')
  l - a cursed scroll of blank paper
  j - a scroll of gold detection
 Spellbooks  ('+')
  K - a spellbook of remove curse
 Potions  ('!')
  C - 2 cursed potions of healing
  U - a potion of object detection
  d - 4 potions of holy water
 Rings    ('=')
  u - a +1 ring of adornment
 Tools    ('(')
  p - a tin whistle
  q - a +0 unicorn horn
 Gems/Stones  ('*')
  E - a luckstone

ArrBianca the Priestess's attributes:

Background:
 You were an Adept, a level 7 elven Priestess.
 You were chaotic, on a mission for Loki
 who was opposed by Tyr (lawful) and Odin (neutral).
 You were right-handed.
 You were in the Dungeons of Doom, on level 9.
 You entered the dungeon 4630 turns ago.
 You had 830 experience points, 450 more were needed to attain level 8.

Basics:
 You had 0 out of 58 hit points.
 You had 31 out of 117 energy points (spell power).
 Your armor class was 10.
 Your wallet contained 67 zorkmids.
 Autopickup was on for '$?!/="+%' plus thrown, with exceptions.

Final Characteristics:
 Your strength was 12 (peak:13, limit:18).
 Your dexterity was 15 (limit:18).
 Your constitution was 15 (limit:16).
 Your intelligence was 11 (limit:20).
 Your wisdom was 16 (limit:20).
 Your charisma was 9 (limit:18).

Final Status:
 You weren't hungry.
 You were unencumbered.
 You were bare handed.
 You were unskilled in bare handed combat.
 You weren't wearing any armor.

Final Attributes:
 You were piously aligned.
 You were sleep resistant.
 You were poison resistant.
 You had infravision.
 You were lucky.
 You had extra luck.
 Bad luck did not time out for you.
 Good luck did not time out for you.
 You are dead.

Miscellaneous:
 You encountered 1 bones level.
 Total elapsed playing time was 57 minutes and 15 seconds.

Major events:
 Turn
    1: ArrBianca the chaotic elven Priestess entered the dungeon
  663: entered the Gnomish Mines
  711: attained the rank of Acolyte (level 3)
 1669: attained the rank of Adept (level 6)
 1682: reached Mine Town
 1944: made her first wish - "blessed greased +2 silver dragon scale mail", got "a blessed greased silver dragon scale mail"
 3890: consulted the Oracle
 4630: killed by a giant spider

Spells:
 Name                 Level Category     Fail Retention
 light                  1   clerical       0%   71%-80%
 cure sickness          3   healing       91%  76%-100%
 healing                1   healing        0%  76%-100%

Skills:
 Fighting Skills
   bare handed combat [Unskilled]
 Weapon Skills
   club               [Unskilled]
   mace               [Skilled]
   morning star       [Unskilled]
   flail              [Unskilled]
   hammer             [Unskilled]
   quarterstaff       [Unskilled]
   polearms           [Unskilled]
   spear              [Unskilled]
   trident            [Unskilled]
   lance              [Unskilled]
   bow                [Unskilled]
   sling              [Unskilled]
   crossbow           [Unskilled]
   dart               [Unskilled]
   shuriken           [Unskilled]
   boomerang          [Unskilled]
   unicorn horn       [Unskilled]
 Spellcasting Skills
   healing spells     [Unskilled]
   divination spells  [Unskilled]
   clerical spells    [Basic]

Voluntary challenges:
 Character rerolling was not enabled.
 You never genocided any monsters.
 You never polymorphed an object.
 You never changed form.
 You used 1 wish.
 You did not wish for any artifacts.
Achievements:
 You entered a shop.
 You entered the Gnomish Mines.
 You attained the rank of Acolyte.
 You attained the rank of Adept.
 You entered Minetown.
 You entered a temple.
 You consulted the Oracle of Delphi.

 The Dungeons of Doom: levels 1 to 11
    Level 1:
    Level 2:
       An armor shop, an altar to Loki, a fountain, a sink.
    Level 3:
       A fountain.
       Stairs down to The Gnomish Mines.
    Level 4:
       A sink.
    Level 5:
       Many fountains.
       Oracle of Delphi.
    Level 6:
       A fountain.
    Level 8:
    Level 9: <- You were here.
       Final resting place for
          you, killed by a giant spider.
    Level 10:
       An altar to Loki, a grave.
       Final resting place for
          yasdy-Ran-Elf-Mal-Cha, killed by an elf mummy, while frozen by a floating eye's gaze.
    Level 11:
       Summoned by the Arch Priest.
 The Gnomish Mines: levels 4 to 7
    Level 4:
    Level 5:
    Level 6:
    Level 7: "stash"
       Many shops, a temple and an altar, some fountains, a sink.


Vanquished creatures:
  a watchman
  a giant beetle
  2 leprechauns
 an orc mummy
  a dwarf mummy
  2 lizards
  a dog
  a white unicorn
  a snake
  a water nymph
 an orc shaman
  a rock piercer
  2 fog clouds
  4 yellow lights
  2 shriekers
  4 gnome leaders
  2 gnomish wizards
  a gray ooze
  a paper golem
  2 giant ants
  a little dog
  6 dwarves
  2 kobold leaders
  2 rabid rats
  2 monkeys
  a dwarf zombie
  a wererat
  a werejackal
  3 iguanas
 an acid blob
  5 coyotes
  a gas spore
  2 hobbits
  a giant rat
  3 cave spiders
  a brown mold
  a green mold
  a red mold
 31 gnomes
  6 garter snakes
  2 geckos
 10 jackals
  a kobold
  2 sewer rats
  4 grid bugs
  2 bats
  3 lichens
  a kobold zombie
  5 newts
134 creatures vanquished.

No species were genocided or became extinct.

Game over:
                       ----------
                      /          \
                     /    REST    \
                    /      IN      \
                   /     PEACE      \
                  /                  \
                  |    ArrBianca     |
                  |      67 Au       |
                  |   killed by a    |
                  |   giant spider   |
                  |                  |
                  |                  |
                  |       2026       |
                 *|     *  *  *      | *
        _________)/\\_//(\/(/\)/\//\/|_)_______

Goodbye ArrBianca the Priestess...

You died in The Dungeons of Doom on dungeon level 9 with 3942 points,
and 67 pieces of gold, after 4630 moves.
You were level 7 with a maximum of 58 hit points when you died.

